General information
- name: BNet
- type: Ladder 1vs1/FFA
- host: Battle.net
- saver: TIMG4STRok
map: TerenasStand
- players: 2
- length: 22:33
- speed: Fast
- version: 1.21 W3XP
- replay type:

» download(92 KB)
Players
team 1 (loser)
izzutan (
red | 127 APM | 2850 actions | 22:31)
5 Warden
1 Shadow Strike
2 Blink
2 Fan of Knives
3 Naga Sea Witch
1 Frost Arrows
2 Forked Lightning
» actions
| Assign group hotkey | 62 | |
| Build / train | 90 | |
| Enter build submenu | 12 | |
| Enter hero's abilities submenu | 8 | |
| Give item / drop item | 2 | |
| Remove unit from queue | 4 | |
| Right click | 1263 | |
| Select / deselect | 504 | |
| Select group hotkey | 834 | |
| Use ability | 71 | |
2850 total
» units
| Wisp | 22 | |
| Archer | 17 | |
| Huntress | 3 | |
| Goblin Shredder | 3 | |
| Druid of the Talon | 9 | |
| Dryad | 11 | |
65 total
» upgrades
| Abolish Magic | 1 | |
| Strength of the Wild | 2 | |
3 total
» buildings
| Altar of Elders | 1 | |
| Moon Well | 4 | |
| Ancient of War | 1 | |
| Hunter's Hall | 1 | |
| Tree of Ages | 1 | |
| Ancient of Lore | 1 | |
| Ancient of Wind | 1 | |
| Ancient of Wonders | 1 | |
11 total
» build order
00:05 Altar of Elders
00:31 Moon Well
01:15 Ancient of War
01:37 Moon Well
02:33 Hunter's Hall
02:56 Moon Well
03:29 Tree of Ages
05:59 Ancient of Lore
06:11 Moon Well
06:13 Ancient of Wind
13:50 Ancient of Wonders
» items
| Tome of Retraining | 1 | |
| Scroll of Town Portal | 3 | |
| Potion of Mana | 2 | |
6 total
team 2 (winner)

»
TIMG4STRok (
blue | 133 APM | 3002 actions | 22:33)
5 Death Knight
3 Death Coil
2 Unholy Aura
5 Lich
3 Frost Nova
2 Frost Armor
» actions
| Assign group hotkey | 37 | |
| Basic commands | 90 | |
| Build / train | 67 | |
| ESC pressed | 3 | |
| Enter build submenu | 22 | |
| Enter hero's abilities submenu | 10 | |
| Give item / drop item | 4 | |
| Right click | 1452 | |
| Select / deselect | 285 | |
| Select group hotkey | 947 | |
| Use ability | 85 | |
3002 total
» units
| Acolyte | 8 | |
| Ghoul | 6 | |
| Gargoyle | 12 | |
| Obsidian Statue | 3 | |
| Banshee | 2 | |
| Necromancer | 4 | |
| Meatwagon | 1 | |
| Abomination | 3 | |
39 total
» upgrades
| Creature Attack | 1 | |
| Stone Form | 1 | |
| Disease Cloud | 1 | |
| Exhume Corpses | 1 | |
| Skeletal Mastery | 1 | |
| Necromancer Training | 2 | |
| Skeletal Longevity | 1 | |
8 total
» buildings
| Crypt | 2 | |
| Altar of Darkness | 2 | |
| Ziggurat | 6 | |
| Tomb of Relics | 2 | |
| Halls of the Dead | 1 | |
| Nerubian Tower | 2 | |
| Graveyard | 1 | |
| Black Citadel | 1 | |
| Slaughterhouse | 2 | |
| Temple of the Damned | 1 | |
| Necropolis | 2 | |
22 total
» build order
00:08 Crypt
00:11 Altar of Darkness
00:13 Altar of Darkness
00:35 Ziggurat
01:06 Ziggurat
01:42 Tomb of Relics
01:44 Tomb of Relics
03:06 Halls of the Dead
03:14 Nerubian Tower
03:53 Graveyard
04:09 Crypt
04:53 Ziggurat
07:46 Ziggurat
09:01 Black Citadel
10:48 Slaughterhouse
10:52 Slaughterhouse
14:36 Temple of the Damned
16:19 Ziggurat
16:21 Ziggurat
17:10 Necropolis
21:55 Necropolis
» items
| Rod of Necromancy | 1 | |
| Potion of Healing | 2 | |
| Orb of Corruption | 1 | |
4 total
Chat log
(00:21 / All) izzutan: goSu
(00:34 / All) izzutan: this game is fun
(00:41 / All) izzutan: right ?
(01:26 / All) izzutan: yeah i like this game
(04:04 / All) izzutan: uh oh
(04:51 / All) izzutan: come on
(05:31 / All) izzutan: come on
(05:31 / All) izzutan: wtf
(22:07 / All) izzutan: wow
(22:08 / All) izzutan: fuck that
(22:11 / All) izzutan: u have mad shit
(22:12 / All) izzutan: u got expo?
(22:17 / All) TIMG4STRok: top right
(22:24 / All) izzutan: u just made that tho
(22:25 / All) izzutan: fuck
(22:28 / All) izzutan: gg